 Dungeon Crawl Stone Soup version 0.21.1-75-g79f4511 (webtiles) character file.

113 asishallab the Charmwright (level 4, -2/38 HPs)
             Began as a Gnoll Skald on Aug 18, 2018.
             Slain by a small abomination (16 damage)
             ... on level 1 of the Abyss.
             The game lasted 00:06:06 (2475 turns).

asishallab the Charmwright (Gnoll Skald)            Turns: 2475, Time: 00:06:07

Health: -2/38      AC:  7    Str: 13    XL:     4   Next: 96%
Magic:  1/11       EV: 13    Int: 15    God:
Gold:   109        SH:  0    Dex: 16    Spells: 2/13 levels left

rFire    . . .     SeeInvis .   a - +0 hand axe
rCold    . . .     Gourm    .   (no shield)
rNeg     . . .     Faith    .   l - +0 ring mail
rPois    .         Spirit   .   i - +0 helmet
rElec    .         Reflect  .   (no cloak)
rCorr    .         Harm     .   (no gloves)
MR       .....                  m - +0 pair of boots
Stlth    +.........             (no amulet)
HPRegen  0.12/turn              (no ring)
MPRegen  0.12/turn              (no ring)

@: shrouded, infused
A: distributed training, fangs 1, strong nose
a: no special abilities


You were on level 1 of the Abyss.
You were not hungry.

You visited 1 branch of the dungeon, and saw 3 of its levels.
You visited the Abyss 1 time.

You collected 109 gold pieces.

Inventory:

Hand Weapons
 a - a +0 hand axe (weapon)
 h - a +0 dagger
Missiles
 e - 94 stones (quivered)
Armour
 i - a +0 helmet (worn)
 l - a +0 ring mail (worn)
 m - a +0 pair of boots (worn)
Scrolls
 b - 3 scrolls of identify {unknown}
 f - a scroll of teleportation {unknown}
 g - a scroll of blinking
 p - 2 scrolls of remove curse {unknown}
 q - a scroll of amnesia {unknown}
Potions
 k - a potion of lignification {unknown}
 n - a potion of resistance {unknown}
 o - a potion of flight {unknown}
 r - a potion of mutation {unknown}
Books
 c - a book of Battle

   Spells                             Type                      Level
   a - Infusion                       Charms                       1
   b - Shroud of Golubria             Charms/Translocation         2
   c - Song of Slaying                Charms                       2
   d - Spectral Weapon                Hexes/Charms                 3
   e - Regeneration                   Charms/Necromancy            3
Comestibles
 d - 7 rations


   Skills:
 + Level 4.7 Fighting
 + Level 1.2 Short Blades
 + Level 1.2 Long Blades
 + Level 4.7 Axes
 + Level 1.2 Maces & Flails
 + Level 1.2 Polearms
 + Level 1.2 Staves
 + Level 1.2 Slings
 + Level 1.2 Bows
 + Level 1.2 Crossbows
 + Level 1.2 Throwing
 + Level 2.8 Armour
 + Level 4.7 Dodging
 + Level 1.2 Stealth
 + Level 1.2 Shields
 + Level 1.2 Unarmed Combat
 + Level 5.1 Spellcasting
 + Level 1.0 Conjurations
 + Level 1.0 Hexes
 + Level 5.5 Charms
 + Level 1.0 Summonings
 + Level 1.0 Necromancy
 + Level 1.0 Translocations
 + Level 1.0 Transmutations
 + Level 1.0 Fire Magic
 + Level 1.0 Ice Magic
 + Level 1.0 Air Magic
 + Level 1.0 Earth Magic
 + Level 1.0 Poison Magic
 + Level 1.4 Invocations
 + Level 1.2 Evocations


You had 2 spell levels left.
You knew the following spells:

 Your Spells              Type           Power        Failure   Level  Hunger
a - Infusion              Chrm           ###.         3%          1    None
b - Shroud of Golubria    Chrm/Tloc      ##........   13%         2    ##.....
c - Song of Slaying       Chrm           ###.....     5%          2    ##.....
d - Spectral Weapon       Hex/Chrm       ##......     26%         3    ###....
e - Regeneration          Chrm/Necr      ##........   26%         3    ###....


Dungeon Overview and Level Annotations

Branches:
Dungeon (3/15)

Altars:
Trog

Annotations:
D:3 Crazy Yiuf


Innate Abilities, Weirdness & Mutations

Your experience applies equally to all skills.
You have very sharp teeth.
Your uncanny sense of smell can sniff out nearby items.


Message History

You bite the small abomination, but do no damage.
The small abomination is lightly damaged.
Your skin stops crawling.
Your shroud bends the small abomination's attack away.
You hit the small abomination!
You bite the small abomination, but do no damage.
The small abomination is moderately damaged.
Your shroud bends the small abomination's attack away.
You slash the small abomination!
You bite the small abomination, but do no damage.
The small abomination is almost destroyed.
The small abomination hits you but does no damage.
You closely miss the small abomination.
The small abomination is almost destroyed.
The small abomination hits you but does no damage.
Your shroud bends the small abomination's attack away.
You completely miss the small abomination.
The small abomination is almost destroyed.
The small abomination hits you!
You die...

. . #
..#♣
.♣♣ ♣♣
..##.♣
#...#
.
#x..+
#@..#
#####


You could see a small abomination.

Vanquished Creatures
  Robin (D:3)
  An adder (D:1)
  An ufetubus (Abyss:1)
  2 oozes
  A worm (D:2)
  A dart slug (D:2)
  4 leopard geckos
  3 orcs (D:3)
  6 bats
  3 giant cockroaches
  12 goblins
  7 hobgoblins
  5 jackals
  4 kobolds
  A quokka (D:2)
  2 ball pythons
  3 frilled lizards
  6 rats
63 creatures vanquished.

Notes
Turn   | Place    | Note
-------+----------+-------------------------------------------
     0 | D:1      | asishallab the Gnoll Skald began the quest for the Orb.
     0 | D:1      | Reached XP level 1. HP: 20/20 MP: 6/6
   149 | D:1      | Reached XP level 2. HP: 26/26 MP: 7/7
   160 | D:1      | Learned a level 2 spell: Shroud of Golubria
   163 | D:1      | Learned a level 2 spell: Song of Slaying
   511 | D:1      | Reached XP level 3. HP: 31/31 MP: 9/9
   609 | D:1      | Reached skill level 5 in Spellcasting
   617 | D:1      | Learned a level 3 spell: Spectral Weapon
   621 | D:1      | Learned a level 3 spell: Regeneration
   967 | D:2      | Reached skill level 1 in Invocations
  1095 | D:2      | Reached skill level 1 in Short Blades
  1095 | D:2      | Reached skill level 1 in Long Blades
  1095 | D:2      | Reached skill level 1 in Maces & Flails
  1095 | D:2      | Reached skill level 1 in Polearms
  1095 | D:2      | Reached skill level 1 in Staves
  1095 | D:2      | Reached skill level 1 in Slings
  1095 | D:2      | Reached skill level 1 in Bows
  1095 | D:2      | Reached skill level 1 in Crossbows
  1095 | D:2      | Reached skill level 1 in Throwing
  1095 | D:2      | Reached skill level 1 in Stealth
  1095 | D:2      | Reached skill level 1 in Shields
  1095 | D:2      | Reached skill level 1 in Unarmed Combat
  1095 | D:2      | Reached skill level 1 in Evocations
  1099 | D:2      | Reached XP level 4. HP: 25/38 MP: 4/11
  1388 | D:2      | Found a bloodstained altar of Trog.
  1816 | D:3      | Noticed Robin
  1828 | D:3      | Reached skill level 1 in Conjurations
  1828 | D:3      | Reached skill level 1 in Hexes
  1828 | D:3      | Reached skill level 1 in Summonings
  1828 | D:3      | Reached skill level 1 in Necromancy
  1828 | D:3      | Reached skill level 1 in Translocations
  1828 | D:3      | Reached skill level 1 in Transmutations
  1828 | D:3      | Reached skill level 1 in Fire Magic
  1828 | D:3      | Reached skill level 1 in Ice Magic
  1828 | D:3      | Reached skill level 1 in Air Magic
  1828 | D:3      | Reached skill level 1 in Earth Magic
  1828 | D:3      | Reached skill level 1 in Poison Magic
  1830 | D:3      | Killed Robin
  2204 | D:3      | Found a runed door.
  2211 | D:3      | Noticed Crazy Yiuf
  2219 | D:3      | Cast into level 1 of the Abyss (Crazy Yiuf)
  2355 | Abyss:1  | Noticed a small abomination
  2475 | Abyss:1  | Slain by a small abomination

Skill      XL: |  1  2  3  4 |
---------------+-------------+-----
Spellcasting   | 5 |  5.1
Invocations    | 1 |  1.4
Short Blades   | 1 |  1.2
Long Blades    | 1 |  1.2
Maces & Flails | 1 |  1.2
Polearms       | 1 |  1.2
Staves         | 1 |  1.2
Slings         | 1 |  1.2
Bows           | 1 |  1.2
Crossbows      | 1 |  1.2
Throwing       | 1 |  1.2
Stealth        | 1 |  1.2
Shields        | 1 |  1.2
Unarmed Combat | 1 |  1.2
Evocations     | 1 |  1.2
Conjurations   | 1 |  1.0
Hexes          | 1 |  1.0
Summonings     | 1 |  1.0
Necromancy     | 1 |  1.0
Translocations | 1 |  1.0
Transmutations | 1 |  1.0
Fire Magic     | 1 |  1.0
Ice Magic      | 1 |  1.0
Air Magic      | 1 |  1.0
Earth Magic    | 1 |  1.0
Poison Magic   | 1 |  1.0
Fighting       | |  4.7
Axes           | |  4.7
Armour         | |  2.8
Dodging        | |  4.7
Charms         | |  5.5

Action                   |  1- 3 |  4- 6 || total
-------------------------+-------+-------++-------
Melee: Hand axe          |   116 |    91 ||   207
       Bite              |    13 |    17 ||    30
       Punch             |       |     1 ||     1
 Cast: Shroud of Golubri |     1 |     5 ||     6
       Regeneration      |     1 |     2 ||     3
       Song of Slaying   |     1 |       ||     1
       Infusion          |       |     3 ||     3
  Use: Scroll            |     3 |       ||     3
       Potion            |       |     1 ||     1
  Eat: Chunk             |     1 |     3 ||     4
       Ration            |       |     1 ||     1
Armor: Leather armour    |     9 |       ||     9
       Ring mail         |    39 |    33 ||    72
Dodge: Dodged            |   105 |    65 ||   170
